[Event "Early-Titled-Tuesday-Blitz-January-30-2024"]
[Site "Chess.com"]
[Date "2024.01.30"]
[Round "5"]
[White "Susal_De_Silva"]
[Black "aistrel"]
[Result "1-0"]
[WhiteElo "2749"]
[BlackElo "2510"]
[TimeControl "180+1"]
[EndTime "8:57:35 PST"]
[Termination "Susal_De_Silva won on time"]

1. Nf3 d5 2. e3 Bf5 3. c4 e6 4.
Nc3 c6 5. cxd5 exd5 6. d4 Nd7 7. Bd3 Bg6 8. O-O Ngf6 9. a3 a5 10. Rb1 Bd6 11. b4 axb4 12. axb4 b5 13. Ne2 O-O 14.
Bxg6 hxg6 15. Ne1 Nb6 16. h3 Nc4 17. Nd3 Ne4 18. Qc2 Bc7 19. f3 Nf6 20. Nc5 Re8 21.
e4 dxe4 22. fxe4 Qe7 23. Bg5 Na3 24. Qd3 Nxb1 25. Qxb1 Qf8 26. Bxf6 gxf6 27. Nd7 Qe7 28. Nxf6+ Kg7 29. Nxe8+ Qxe8 30. e5 Qe6 31. Qe4 Bb6 32. Rf6 Ra1+ 33. Kh2 Qa2 34. Rxc6 Re1 35. Rxb6 Rxe2 36.
Qf3 Rf2 37. Qg3 Qd2 38. Rf6 Re2 39. Qf3 Qa2 40. d5 1-0

[Event "Early-Titled-Tuesday-Blitz-January-30-2024"]
[Site "Chess.com"]
[Date "2024.01.30"]
[Round "5"]
[White "secretsuperstar7"]
[Black "Evgeny81"]
[Result "1-0"]
[WhiteElo "2521"]
[BlackElo "2719"]
[TimeControl "180+1"]
[EndTime "8:57:35 PST"]
[Termination "secretsuperstar7 won by resignation"]

1. c4 c5 2. Nc3 Nc6 3. Nf3 g6 4. g3 Bg7 5. Bg2 d6 6. O-O Bg4 7. a3 a5 8. Rb1 Nf6 9. Nd5 O-O 10. d3 Nxd5 11. cxd5 Nd4 12. Nxd4 Bxd4 13. Bh6 Re8 14. h3 Bf5 15. e3 Bf6 16. h4 a4 17. h5 b5 18. e4 Bd7 19. f4 Bd4+ 20. Kh2 e6 21.
dxe6 Bxe6 22. f5 Bd7 23. e5 Rxe5 24. Bxa8 Qxa8 25. fxg6 hxg6 26. hxg6 f5 27. Qh5 Qe8 28. Bf4 Re2+ 29. Kh3 Re7 30. Rbe1 Bg7 31. Qh7+ Kf8 32. Bh6 f4+ 33. Kh4 Be6 34. Qh8+ Bg8 35. Bxg7+ Rxg7 36. Rxe8+ Kxe8 37. Qxg7 1-0

[Event "Early-Titled-Tuesday-Blitz-January-30-2024"]
[Site "Chess.com"]
[Date "2024.01.30"]
[Round "5"]
[White "Mesa_1"]
[Black "jamengrand"]
[Result "1-0"]
[WhiteElo "2563"]
[BlackElo "2255"]
[TimeControl "180+1"]
[EndTime "8:57:35 PST"]
[Termination "Mesa_1 won on time"]

1. d4 d5 2. c4 e6 3. Nf3 Nf6 4. Nc3 c5 5. cxd5 Nxd5 6. e4 Nxc3 7. bxc3 cxd4 8. cxd4 Bb4+ 9. Bd2 Bxd2+ 10. Qxd2 O-O 11. Bc4 Nd7 12. O-O b6 13. Rad1 Bb7 14. Rfe1 Rc8 15.
Bb3 h6 16. h3 Re8 17. Re3 Qf6 18. Qe1 e5 19. Ba4 exd4 20. Nxd4 Red8 21. Rf3 Qe5 22.
Bb3 Rf8 23. Ne6 fxe6 24. Rxd7 Rxf3 25. gxf3 Qg5+ 26. Kh1 Rc1 27. Bxe6+ Kh8 28. Rd8+ Qxd8 29. Qxc1 Qd3 30. Kg2 Qd6 31. Bf5 1-0

[Event "Early-Titled-Tuesday-Blitz-January-30-2024"]
[Site "Chess.com"]
[Date "2024.01.30"]
[Round "5"]
[White "familijatop71"]
[Black "Zheenbekov86"]
[Result "0-1"]
[WhiteElo "2254"]
[BlackElo "2448"]
[TimeControl "180+1"]
[EndTime "8:57:35 PST"]
[Termination "Zheenbekov86 won by resignation"]

1. e4 c6 2. Nc3 d5 3. Nf3 dxe4 4.
Nxe4 Nf6 5. Qe2 Nxe4 6. Qxe4 Qd5 7. Qh4 Qe6+ 8. Be2 Qg6 9. d3 Qxg2 10. Rg1 Qh3 11. Qc4 Qe6 12. Qf4 Qf5 13. Qc4 h6 14. Be3 Qd5 15. Qf4 g5 16. Qc7 Qd7 17. Qe5 Rg8 18. O-O-O Bg7 19. Qe4 Qf5 20. Qb4 Na6 21. Qb3 Qd5 22. c4 Qa5 23. Bd2 Qb6 24. Qc2 Bf5 25.
Bc3 Nb4 26. Qb3 Bxc3 27. bxc3 Na6 28. Qxb6 axb6 29. Nd4 Bg6 30. Bf3 Kd7 31. Rge1 e6 32. Bg2 Kc7 33. Nf3 Nc5 34. Kc2 Rxa2+ 35. Kb1 Rga8 36. Rd2 Ra1+ 0-1

[Event "Early-Titled-Tuesday-Blitz-January-30-2024"]
[Site "Chess.com"]
[Date "2024.01.30"]
[Round "5"]
[White "Yurasova_Daria"]
[Black "cristiano78"]
[Result "1/2-1/2"]
[WhiteElo "2444"]
[BlackElo "2267"]
[TimeControl "180+1"]
[EndTime "8:57:36 PST"]
[Termination "Game drawn - insufficient material"]

1. d4 Nf6 2. Bg5 c5 3. d5 Qb6 4.
Bc1 d6 5. Nc3 Bf5 6. f3 a6 7. e4 Bg6 8. Bc4 Nbd7 9. a4 Ne5 10.
Be2 e6 11. Nh3 exd5 12. Nxd5 Nxd5 13. Qxd5 Be7 14. O-O Qc6 15. Rd1 Qxd5 16. Rxd5 f6 17. Rd1 O-O-O 18. Nf4 Bf7 19. Be3 g5 20. Nd5 Bxd5 21.
Rxd5 h5 22. Rad1 Kc7 23. a5 Rhf8 24. g3 f5 25. exf5 Rxf5 26. f4 gxf4 27. gxf4 Rg8+ 28. Kh1 Ng4 29. Rxf5 Nxe3 30. Rf7 Nxd1 31. Bxd1 Kd8 32.
Bxh5 Rf8 33. Rxf8+ Bxf8 34. Bf3 Kc7 35. h4 Bg7 36. c3 b5 37. Kg2 b4 38. cxb4 Bxb2 39.
bxc5 dxc5 40. Be2 Bc3 41. Bxa6 Bxa5 42. Kf3 Kd6 43. Kg4 Ke7 44. f5 Kf6 45. Bd3 Bd2 46. Bc2 Bh6 47. Kf3 Bg7 48. Ke4 Ke7 49. Kd5 Bd4 50. h5 Kf6 51. Bd3 Kg5 52. f6 Bxf6 53.
Kxc5 Kxh5 1/2-1/2

[Event "Early-Titled-Tuesday-Blitz-January-30-2024"]
[Site "Chess.com"]
[Date "2024.01.30"]
[Round "5"]
[White "DenLaz"]
[Black "GeorgiosSouleidis"]
[Result "1-0"]
[WhiteElo "3060"]
[BlackElo "2650"]
[TimeControl "180+1"]
[EndTime "8:57:37 PST"]
[Termination "DenLaz won by resignation"]

1. d4 Nf6 2. c4 g6 3. g3 Bg7 4.
Bg2 O-O 5. Nc3 d6 6. Nf3 Nc6 7. O-O e5 8. d5 Nb8 9. e4 a5 10. b3 Na6 11. Rb1 Nc5 12. Re1 Ne8 13. a3 f5 14. b4 axb4 15. axb4 Nxe4 16. Nxe4 fxe4 17.
Ng5 Nf6 18. Nxe4 Nxe4 19. Bxe4 Ra2 20. Be3 Qf6 21. Qb3 Ra8 22. Ra1 Bh3 23. Rxa8 Rxa8 24. c5 h5 25. b5 Kh7 26. b6 cxb6 27. Qxb6 dxc5 28. Qxb7 Rc8 29. Ra1 c4 30. Ra6 Rb8 31. Rxf6 Rxb7 32. Rxg6 Kh8 33. Rg5 Bd7 34. Rxh5+ Kg8 35.
d6 Rb5 36. Bh6 c3 37. Rg5 Kf7 38. Rxg7+ Ke6 39. Bf5+ Kxf5 40. Rxd7 Ke6 41. Rc7 Rb3 42. d7 1-0

[Event "Early-Titled-Tuesday-Blitz-January-30-2024"]
[Site "Chess.com"]
[Date "2024.01.30"]
[Round "5"]
[White "FairChess_on_YouTube"]
[Black "mitrabhaa"]
[Result "1/2-1/2"]
[WhiteElo "3094"]
[BlackElo "2928"]
[TimeControl "180+1"]
[EndTime "8:57:38 PST"]
[Termination "Game drawn by repetition"]

1. c4 Nf6 2. Nc3 c5 3. g3 e6 4. Nf3 Nc6 5. Bg2 d5 6. cxd5 Nxd5 7. O-O Be7 8. d4 Nxc3 9. bxc3 O-O 10. e4 cxd4 11.
cxd4 b6 12. d5 Na5 13. Nd4 Bf6 14. Ba3 Re8 15. e5 Bxe5 16. dxe6 Bxd4 17. exf7+ Kxf7 18. Bxa8 Bxa1 19. Qxd8 Rxd8 20. Rxa1 Nc4 21. Bb4 Bh3 22.
Be4 g6 23. Bc3 b5 24. Bc2 Nd2 25. Rd1 Nf3+ 26. Kh1 Rc8 27. Bb3+ Kf8 28. Rd3 Ng5 29. Bb4+ Kg7 30. Bc3+ Kf8 31. Bb4+ Kg7 32. Bc3+ Kf8 1/2-1/2

[Event "Early-Titled-Tuesday-Blitz-January-30-2024"]
[Site "Chess.com"]
[Date "2024.01.30"]
[Round "5"]
[White "sofaceindisguise"]
[Black "biostatistician"]
[Result "1-0"]
[WhiteElo "2786"]
[BlackElo "2562"]
[TimeControl "180+1"]
[EndTime "8:57:38 PST"]
[Termination "sofaceindisguise won by resignation"]

1. c4 Nf6 2. Nc3 g6 3. g3 Bg7 4.
Bg2 O-O 5. e4 c5 6. Nge2 Nc6 7.
O-O d6 8. d3 Bg4 9. h3 Bd7 10.
Be3 a6 11. a4 Rb8 12. Rb1 Ne8 13. d4 cxd4 14. Nxd4 Nc7 15. Kh2 Ne6 16. Nxe6 Bxe6 17. Nd5 b5 18. cxb5 axb5 19. b4 Ne5 20. a5 Nc4 21.
Bd4 Bxd5 22. exd5 Qd7 23. Bxg7 Kxg7 24. Qd4+ Kg8 25. Rfe1 Rfe8 26. Rb3 Qf5 27. Rf3 Qc2 28. Bf1 Qb2 29. Qxb2 Nxb2 30. Rc3 Rec8 31. Rxc8+ Rxc8 32.
Bxb5 Rb8 33. Bc6 Nd3 34. a6 Nxe1 35. a7 Rd8 36. b5 Nd3 37. b6 Nc5 38. b7 Nxb7 39. Bxb7 f5 40. f4 Kg7 41. a8=Q Rxa8 42. Bxa8 Kf6 43. Kg2 Kf7 44. Kf3 Kf6 45. Ke3 Kf7 46.
Kd4 Kf6 47. Bc6 h6 48. Bd7 Kf7 49. Be6+ Kf6 50. Kc4 g5 51. Kb5 h5 52. h4 gxh4 53. gxh4 Kg6 54. Kc6 Kf6 55. Kd7 Kg6 56. Kxe7 Kh6 57.
Kxd6 1-0

[Event "Early-Titled-Tuesday-Blitz-January-30-2024"]
[Site "Chess.com"]
[Date "2024.01.30"]
[Round "5"]
[White "otrov-11"]
[Black "chipmunknau"]
[Result "0-1"]
[WhiteElo "2506"]
[BlackElo "2745"]
[TimeControl "180+1"]
[EndTime "8:57:38 PST"]
[Termination "chipmunknau won on time"]

1. d4 Nf6 2. c4 e6 3. g3 Bb4+ 4. Bd2 Qe7 5. Bg2 O-O 6. Nc3 d6 7. Nf3 e5 8. O-O Bxc3 9. Bxc3 e4 10. Ng5 d5 11. cxd5 h6 12. Nh3 Nxd5 13. Qc2 Re8 14. e3 g5 15. Rfe1 c6 16. Kh1 Bf5 17. Ng1 Qe6 18. Qd2 Nd7 19. f3 a5 20. f4 a4 21.
Rf1 N7b6 22. Rae1 Kg7 23. h3 g4 24. h4 Nc4 25. Qc1 b5 26. a3 Kh7 27. Rf2 Rec8 28. Rc2 f6 29. Bf1 Ndb6 30. Bb4 Na5 0-1

[Event "Early-Titled-Tuesday-Blitz-January-30-2024"]
[Site "Chess.com"]
[Date "2024.01.30"]
[Round "5"]
[White "Alex_Sahakyan2006"]
[Black "Martial2008"]
[Result "1-0"]
[WhiteElo "2880"]
[BlackElo "2680"]
[TimeControl "180+1"]
[EndTime "8:57:39 PST"]
[Termination "Alex_Sahakyan2006 won by resignation"]

1. e4 e5 2. Nf3 Nc6 3. Bb5 a6 4. Ba4 d6 5. O-O Bg4 6. h3 h5 7. Bxc6+ bxc6 8. d4 Qf6 9. Nbd2 g5 10. dxe5 dxe5 11. Nc4 Bxf3 12. Qxf3 Qxf3 13. gxf3 f6 14.
Rd1 Ne7 15. Be3 Ng6 16. Kf1 Ke7 17. Na5 Ke6 18. Nxc6 Bd6 19. c4 a5 20. c5 Be7 21.
b4 axb4 22. Nxb4 Rhb8 23. Nd5 Bd8 24. a4 c6 25. Nb6 Ra5 26. Rd6+ Kf7 27. Rxc6 Ne7 28.
Rd6 Bc7 29. Rd7 Bxb6 30. cxb6 Ke6 31. Ra7 Rxa7 32. bxa7 Ra8 33. Rb1 Nc6 34. Bc5 f5 35.
Rb6 Kd7 36. Rb7+ Ke6 37. Rb6 Kd7 38. exf5 Nd4 39. f6 Ne6 40. Rd6+ 1-0

[Event "Early-Titled-Tuesday-Blitz-January-30-2024"]
[Site "Chess.com"]
[Date "2024.01.30"]
[Round "5"]
[White "xakevicius91"]
[Black "Zurability"]
[Result "1-0"]
[WhiteElo "2580"]
[BlackElo "2767"]
[TimeControl "180+1"]
[EndTime "8:57:39 PST"]
[Termination "xakevicius91 won on time"]

1. e4 e5 2. Nf3 Nc6 3. d4 exd4 4. Nxd4 Nf6 5. Nxc6 bxc6 6. Qe2 a5 7. Nc3 Bb4 8. Bd2 O-O 9. f3 Re8 10. a3 Bc5 11.
O-O-O d5 12. e5 Bd4 13. f4 Bg4 14. Qd3 Bxc3 15. Bxc3 Ne4 16. Re1 Rb8 17. h3 Be6 18. g4 Nf2 19. Qf3 Nxh1 20. Qxh1 d4 21. Bxa5 Bd5 22.
Bg2 Bxg2 23. Qxg2 Rb5 24. Bd2 d3 25. Bc3 dxc2 26. Qxc2 Rd5 27. f5 Qg5+ 28. Kb1 Qh4 29. e6 fxe6 30. fxe6 Qxh3 31. Qf2 Qd3+ 32. Ka1 Qg6 33.
Qe2 h6 34. e7 Qf7 35. Qe4 Rxe7 36. Qh1 1-0

[Event "Early-Titled-Tuesday-Blitz-January-30-2024"]
[Site "Chess.com"]
[Date "2024.01.30"]
[Round "5"]
[White "InitiatingASC"]
[Black "ritanovikova"]
[Result "1/2-1/2"]
[WhiteElo "2412"]
[BlackElo "2204"]
[TimeControl "180+1"]
[EndTime "8:57:39 PST"]
[Termination "Game drawn by repetition"]

1. d4 d5 2. c4 e6 3. Nc3 Nf6 4. Nf3 c6 5. Bg5 Be7 6. e3 O-O 7. Be2 Ne4 8. Bxe7 Qxe7 9. Nxe4 dxe4 10. Nd2 f5 11. Qb3 Kh8 12. Nb1 e5 13. dxe5 Qxe5 14. Qc3 Qc7 15. g3 Nd7 16. h4 Ne5 17. h5 h6 18. Na3 Rd8 19. Rd1 Be6 20. O-O Bf7 21.
Nc2 c5 22. Ne1 Rxd1 23. Bxd1 Rd8 24. Be2 Qe7 25. Ng2 Kh7 26. Nf4 Qf6 27. Kg2 Rd6 28. Rd1 Rxd1 29. Bxd1 Nxc4 30. Qxf6 gxf6 31. Bb3 Ne5 32.
Bxf7 Nxf7 33. Nd5 Kg7 34. Ne7 Nd6 35. Kf1 Kf7 36. Nd5 Ke6 37. Nf4+ Ke5 38. Ke2 b5 39. Kd2 Nc4+ 40. Kc3 Nd6 41. Ng6+ Ke6 42. Nf4+ Ke5 43. Ng6+ Ke6 44. Nf4+ Ke5 1/2-1/2

[Event "Early-Titled-Tuesday-Blitz-January-30-2024"]
[Site "Chess.com"]
[Date "2024.01.30"]
[Round "5"]
[White "YairParkhov"]
[Black "mbojan"]
[Result "0-1"]
[WhiteElo "2678"]
[BlackElo "2877"]
[TimeControl "180+1"]
[EndTime "8:57:41 PST"]
[Termination "mbojan won by resignation"]

1. d4 g6 2. e4 Nf6 3. e5 Nh5 4.
Be2 d6 5. Bxh5 gxh5 6. Qxh5 dxe5 7. dxe5 Qd5 8. Nf3 Qe4+ 9. Be3 Qxc2 10. Nc3 Rg8 11. Rc1 Qg6 12. Qh4 Na6 13. Nd5 c6 14.
Nf4 Qe4 15. Rd1 Rg4 16. Qh5 Rxf4 17. Ng5 Qxe5 18. Rd8+ Kxd8 19. Nxf7+ Rxf7 20. Qxe5 Bg7 21. Qh5 Ke8 22. O-O Bf5 23. Re1 Bg6 24. Qh4 Rd8 25. a3 Bxb2 26. Bg5 Rd7 27. Qa4 Bf6 28. Bxf6 Rxf6 29.
Qb3 Kf8 30. Qb2 Nc5 31. Qe2 Nd3 32. Rd1 Rfd6 33. Qe3 Ne5 34. Re1 Nd3 35. Rd1 Nb2 36. Re1 Rd1 37. f3 Rxe1+ 38. Qxe1 Rd1 39. Kf2 Rxe1 40. Kxe1 Nc4 0-1

[Event "Early-Titled-Tuesday-Blitz-January-30-2024"]
[Site "Chess.com"]
[Date "2024.01.30"]
[Round "5"]
[White "HeroWilczek"]
[Black "kidagent"]
[Result "0-1"]
[WhiteElo "2473"]
[BlackElo "2336"]
[TimeControl "180+1"]
[EndTime "8:57:41 PST"]
[Termination "kidagent won by resignation"]

1. e4 c6 2. Nf3 d5 3. Nc3 Bg4 4. h3 Bxf3 5. Qxf3 e6 6. d3 Nf6 7.
g3 Nbd7 8. Bg2 Be7 9. O-O O-O 10. Bd2 Qb6 11. Rab1 Rac8 12. g4 Ne8 13. Ne2 Nd6 14.
Ng3 Qc7 15. Qe2 Bh4 16. Nh5 g6 17. Ng3 Rce8 18. Bh6 f5 19. Bxf8 Nxf8 20. exf5 exf5 21. Qd2 fxg4 22. hxg4 Qd7 23. Qf4 Ne6 24. Qh6 Bg5 25. Qh2 Nf4 26. Bf3 Nf7 27. Rbe1 Ne5 28. Bd1 c5 29. f3 Qd6 30. Ne2 Rf8 31. Nxf4 Bxf4 32. Qg2 g5 33. c3 Rf6 34. d4 cxd4 35. cxd4 Nc6 36. Bc2 Rh6 37. Qe2 Bh2+ 38. Kf2 Qg3+ 39. Ke3 Re6+ 40. Kd2 Rxe2+ 41. Rxe2 Nxd4 42. Re8+ Kf7 0-1

[Event "Early-Titled-Tuesday-Blitz-January-30-2024"]
[Site "Chess.com"]
[Date "2024.01.30"]
[Round "5"]
[White "arnash_bauyrzhan"]
[Black "Balla_Tamas"]
[Result "1-0"]
[WhiteElo "2223"]
[BlackElo "2412"]
[TimeControl "180+1"]
[EndTime "8:57:41 PST"]
[Termination "arnash_bauyrzhan won by resignation"]

1. e4 c5 2. Nf3 Nc6 3. Bb5 Nf6 4. d3 Qa5+ 5. Nc3 Nd4 6. Bc4 b5 7. Bb3 Nxb3 8. cxb3 e6 9. O-O Be7 10. e5 Nd5 11.
Nxd5 exd5 12. Bg5 Bxg5 13. Nxg5 h6 14. Nxf7 Kxf7 15. Qf3+ Ke7 16. Qxd5 Ba6 17. Qd6+ Kd8 18. e6 Bc8 19. e7+ Ke8 20. Rae1 Qb6 21. Qd5 Bb7 22.
Qh5+ g6 23. Qe5 Rh7 24. Qf4 Rh8 25. Re3 Rc8 26. Rfe1 Bd5 27. Qe5 Rh7 28. Qxd5 Rg7 29. Qe5 Rg8 30. Rf3 d6 31. Qe6 Qc7 32. Qxg8+ Kd7 33.
Qe6+ Kc6 34. e8=Q+ Rxe8 35. Qxe8+ Kb6 36. Rf7 1-0

[Event "Early-Titled-Tuesday-Blitz-January-30-2024"]
[Site "Chess.com"]
[Date "2024.01.30"]
[Round "5"]
[White "Brahianzevich"]
[Black "Mohamed-almado"]
[Result "1-0"]
[WhiteElo "2369"]
[BlackElo "1583"]
[TimeControl "180+1"]
[EndTime "8:57:41 PST"]
[Termination "Brahianzevich won on time"]

1. e4 c5 2. Nf3 Nc6 3. d4 cxd4 4. Nxd4 e6 5. Nc3 Bc5 6. Nb3 Bb4 7. Bd3 Nge7 8. O-O Bxc3 9. bxc3 O-O 10. c4 Ng6 11. f4 f5 12. exf5 exf5 13. Bb2 d5 14. Qf3 dxc4 15.
Bxc4+ Kh8 16. Rad1 Qb6+ 17. Kh1 Nce7 18. Qc3 Qf6 19.
Qxf6 gxf6 20. Rd8 Kg7 21. Rfd1 Nc6 22. Rxf8 Nxf8 23. Rd6 Ng6 24. Bxf6+ Kh6 25. g3 Nce7 26. Bxe7 Kg7 27. Bf6+ Kh6 28. Bc3 b6 29. Nd4 Bb7+ 30.
Kg1 Re8 31. Nxf5+ Kh5 32. Kf2 1-0

[Event "Early-Titled-Tuesday-Blitz-January-30-2024"]
[Site "Chess.com"]
[Date "2024.01.30"]
[Round "5"]
[White "Nikolakis2014"]
[Black "marik_spb"]
[Result "1/2-1/2"]
[WhiteElo "2754"]
[BlackElo "2451"]
[TimeControl "180+1"]
[EndTime "8:57:42 PST"]
[Termination "Game drawn by agreement"]

1. Nf3 Nf6 2. d4 g6 3. g3 Bg7 4. Bg2 O-O 5. O-O d5 6. c4 c6 7. cxd5 cxd5 8. Ne5 Nc6 9. Nc3 Bf5 10. Bf4 Ne4 11. Nxc6 bxc6 12. Nxe4 Bxe4 13. Bxe4 dxe4 14. Be5 Bxe5 15. dxe5 Qd5 16. Qxd5 cxd5 17. Rac1 Rfc8 18. f3 exf3 19. exf3 e6 20. Kf2 Kf8 21. Ke3 Ke7 22. Kd4 Kd7 23. f4 Rxc1 24. Rxc1 Rc8 25. Rxc8 Kxc8 26. b4 Kc7 27. Kc5 Kb7 28. a4 Kc7 29. g4 Kd7 30. b5 Kc7 31. a5 Kb7 32. f5 gxf5 33. gxf5 Kc7 34. f6 Kb7 35. h3 Kc7 36. h4 Kb7 37. h5 h6 38. Kb4 Kc7 39. Kc3 Kb7 40. Kd4 Kc7 41. Kc5 Kb7 1/2-1/2

[Event "Early-Titled-Tuesday-Blitz-January-30-2024"]
[Site "Chess.com"]
[Date "2024.01.30"]
[Round "5"]
[White "m_ezat"]
[Black "Makswolf200817"]
[Result "0-1"]
[WhiteElo "2472"]
[BlackElo "2672"]
[TimeControl "180+1"]
[EndTime "8:57:45 PST"]
[Termination "Makswolf200817 won by checkmate"]

1. d4 d5 2. c4 e6 3. Nc3 c6 4. e3 Nf6 5. Nf3 Nbd7 6. Bd3 dxc4 7. Bxc4 b5 8. Bd3 Bd6 9. O-O O-O 10. e4 e5 11. Re1 Bb7 12. Bg5 Re8 13. d5 cxd5 14. Nxb5 Bb4 15. Re2 Qb6 16. Bxf6 Nxf6 17. Ng5 dxe4 18.
Bc4 Red8 19. Qb3 Nd5 20. Nxe4 Rd7 21. a3 Bf8 22. Nec3 Nf4 23. Re3 Nxg2 24. Rg3 Nf4 25. Re1 Re8 26. Na4 Qc6 27. f3 Bc5+ 28. Kh1 Bf2 29. Rf1 Bxg3 30. hxg3 Qh6+ 31. Kg1 Nd3 32.
Bxd3 Qe3+ 33. Kg2 Rxd3 34. Nbc3 Rd2+ 35. Kh3 Qh6+ 36. Kg4 Bc8+ 37. Qe6 Bxe6# 0-1

[Event "Early-Titled-Tuesday-Blitz-January-30-2024"]
[Site "Chess.com"]
[Date "2024.01.30"]
[Round "5"]
[White "BeardedNM"]
[Black "maurovargas01"]
[Result "1-0"]
[WhiteElo "2196"]
[BlackElo "1833"]
[TimeControl "180+1"]
[EndTime "8:57:45 PST"]
[Termination "BeardedNM won on time"]

1. e4 c6 2. d4 d5 3. e5 Bf5 4. Nf3 h6 5. Be2 e6 6. O-O Nd7 7. Nbd2 c5 8. c4 Nb6 9. dxc5 Bxc5 10. Nb3 Bb4 11. Nbd4 Bh7 12. a3 Be7 13. Be3 Bg5 14. c5 Nd7 15. c6 bxc6 16. Nxc6 Qc7 17. Rc1 Bxe3 18. fxe3 Rc8 19. Qa4 Be4 20. Nfd4 Qb7 21. Ba6 Qxb2 22. Rc2 Bxc2 23. Nxc2 Rc7 24. N2d4 Nb6 25.
Qd1 Ne7 26. Nxe7 Rxe7 27. Bb5+ Kf8 28. Qf3 g6 29. Nxe6+ 1-0

[Event "Early-Titled-Tuesday-Blitz-January-30-2024"]
[Site "Chess.com"]
[Date "2024.01.30"]
[Round "5"]
[White "DrCeltic"]
[Black "Sajith_Peiris"]
[Result "0-1"]
[WhiteElo "2547"]
[BlackElo "2281"]
[TimeControl "180+1"]
[EndTime "8:57:47 PST"]
[Termination "Sajith_Peiris won on time"]

1. e4 c6 2. d4 d5 3. exd5 cxd5 4. c4 Nf6 5. Nc3 e6 6. Nf3 Nc6 7. cxd5 Nxd5 8. Bd3 Be7 9. O-O O-O 10. Re1 Bf6 11. Be4 h6 12. a3 b6 13. Bxd5 exd5 14. h3 Bb7 15. Bf4 Qd7 16. Ne5 Bxe5 17. Bxe5 Rfe8 18.
Qb3 Nxe5 19. dxe5 d4 20. Na2 Rad8 21. Nb4 Qf5 22. Qg3 Re6 23. Qg4 Qh7 24. f3 a5 25. Na2 d3 26. Rad1 d2 27. Re2 Qc2 28.
Nc3 Ba6 29. Rf2 Rc6 30. Qh4 Rd7 0-1

[Event "Early-Titled-Tuesday-Blitz-January-30-2024"]
[Site "Chess.com"]
[Date "2024.01.30"]
[Round "5"]
[White "Actuary44"]
[Black "tuschessCM1"]
[Result "1/2-1/2"]
[WhiteElo "2489"]
[BlackElo "2676"]
[TimeControl "180+1"]
[EndTime "8:57:49 PST"]
[Termination "Game drawn by repetition"]

1. e4 c6 2. d4 d5 3. Nc3 dxe4 4. Nxe4 Nf6 5. Ng3 c5 6. Nf3 cxd4 7. Qxd4 Qxd4 8.
Nxd4 a6 9. Bf4 Nbd7 10. Nf3 e6 11. O-O-O Bc5 12. Rd2 b5 13. Bd3 Bb7 14. Re1 Nd5 15. Be5 Nxe5 16. Nxe5 Bb4 17. c3 Nxc3 18. bxc3 Bxc3 19.
Be4 Bxd2+ 20. Kxd2 Rd8+ 21. Ke3 Bd5 22. Rc1 O-O 23. Bxd5 Rxd5 24. f4 f6 25. Nf3 a5 26.
Rc6 Re8 27. Ra6 b4 28. Ne4 h6 29. Nd4 Rc8 30. Nxe6 f5 31. Nd6 Rc3+ 32. Ke2 Rc2+ 33. Ke3 h5 34. Ra8+ Kh7 35. Nf8+ Kg8 36. Ne6+ Kh7 37.
Nf8+ Kg8 38. Ne6+ 1/2-1/2

[Event "Early-Titled-Tuesday-Blitz-January-30-2024"]
[Site "Chess.com"]
[Date "2024.01.30"]
[Round "5"]
[White "MalyDominator"]
[Black "ansko1999"]
[Result "0-1"]
[WhiteElo "2487"]
[BlackElo "2698"]
[TimeControl "180+1"]
[EndTime "8:57:50 PST"]
[Termination "ansko1999 won on time"]

1. e4 c5 2. Nf3 d6 3. d4 cxd4 4. Nxd4 Nf6 5. Nc3 a6 6. Be3 g6 7. f3 Bg7 8. Qd2 Qa5 9. O-O-O Nc6 10. Nb3 Qc7 11. g4 Be6 12. h4 Rc8 13. h5 Ne5 14. h6 Bf8 15. Be2 b5 16. g5 Nfd7 17. f4 Nc4 18.
Bxc4 Bxc4 19. Kb1 a5 20. Nd5 Bxd5 21. exd5 b4 22. Nd4 Nc5 23. Nc6 e6 24. Bd4 exd5 25. Rhe1+ Kd7 26. Ne5+ dxe5 27. Bxe5 Bd6 28. Qxd5 Nb7 29.
Qxf7+ Kc6 30. Qd5+ Kd7 31. Rd2 Rhe8 32. Red1 Re6 33. Qd3 Qc6 34. Qg3 Kc7 35. Bxd6+ Nxd6 36. f5 gxf5 37. Qf4 Rd8 0-1

[Event "Early-Titled-Tuesday-Blitz-January-30-2024"]
[Site "Chess.com"]
[Date "2024.01.30"]
[Round "5"]
[White "stepanosinovsky"]
[Black "Dinosaurio_1975"]
[Result "0-1"]
[WhiteElo "2387"]
[BlackElo "2602"]
[TimeControl "180+1"]
[EndTime "8:57:51 PST"]
[Termination "Dinosaurio_1975 won on time"]

1. e4 c6 2. d3 d5 3. Nd2 e5 4. Ngf3 Bd6 5. g3 Ne7 6. Bg2 O-O 7. O-O Re8 8. Re1 a5 9. a4 Qc7 10. b3 Na6 11. Bb2 Ng6 12. h4 Bg4 13. Qc1 h5 14. Nf1 dxe4 15. dxe4 Bb4 16. Re2 Rad8 17. Ne3 Be6 18.
Nf5 Nc5 19. Qg5 Qd7 20. Qxh5 Nxe4 21. Nxg7 Nf6 22. Nxe5 Nxh5 23. Nxh5 Qe7 24. Nxg6 fxg6 25. Nf4 Qf7 26. Nd3 Bg4 27. Ne5 Bxe2 28. Nxf7 Kxf7 29.
c3 Bc5 30. Bc1 Rd1+ 31. Kh2 Bxf2 32. Bh3 Be3 0-1

[Event "Early-Titled-Tuesday-Blitz-January-30-2024"]
[Site "Chess.com"]
[Date "2024.01.30"]
[Round "5"]
[White "ilushka"]
[Black "Let_it_be_1"]
[Result "0-1"]
[WhiteElo "2347"]
[BlackElo "2575"]
[TimeControl "180+1"]
[EndTime "8:57:51 PST"]
[Termination "Let_it_be_1 won on time"]

1. Nf3 d5 2. g3 e6 3. Bg2 Nf6 4. d4 Be7 5. c4 O-O 6. Qc2 dxc4 7. Qxc4 a6 8. Bf4 Nd5 9. Nc3 b5 10. Qd3 Bb7 11. O-O Nd7 12. Rfd1 c5 13. dxc5 Nxc5 14. Qc2 Qa5 15. Nxd5 Bxd5 16. Ng5 Bxg5 17. Bxd5 exd5 18.
Qxc5 Bxf4 19. gxf4 Rac8 20. Qxd5 Rc2 21. Qe4 Rxb2 22. a4 Rb4 23. Qe7 Rxa4 24. Rxa4 bxa4 25.
e4 a3 26. Rd5 Qe1+ 27. Kg2 a2 28. Rd8 h6 29. Qxf8+ Kh7 30. Qg8+ Kg6 31. f5+ Kf6 32.
Rd6+ Ke5 33. Rd5+ Kf4 0-1

[Event "Early-Titled-Tuesday-Blitz-January-30-2024"]
[Site "Chess.com"]
[Date "2024.01.30"]
[Round "5"]
[White "Irishchessman16"]
[Black "josmito10"]
[Result "0-1"]
[WhiteElo "2515"]
[BlackElo "2769"]
[TimeControl "180+1"]
[EndTime "8:57:52 PST"]
[Termination "josmito10 won on time"]

1. d4 e6 2. e4 d5 3. Bd3 Nc6 4. Ne2 Nb4 5. Bb5+ c6 6. Ba4 dxe4 7. O-O Nf6 8. a3 Nbd5 9. c4 Nb6 10. Bb3 Be7 11. Nbc3 O-O 12. Ng3 a5 13. Ngxe4 Nxe4 14. Nxe4 a4 15. Bc2 f5 16. c5 Nd5 17. Nd2 Bf6 18.
Nc4 b5 19. cxb6 Nxb6 20. Ne5 Bb7 21. Bf4 Qd5 22. Nf3 Nc4 23. Qe2 Nxb2 24. Rfb1 Ba6 25. Qe1 Nd3 26. Bxd3 Bxd3 27. Rb7 Be4 28. Ne5 Bxg2 29.
Rd7 Qe4 30. Qxe4 Bxe4 31. f3 Bd5 32. Rb1 Rab8 33. Rbb7 Rxb7 34. Rxb7 c5 35. Ra7 cxd4 36. Nd7 Rd8 37. Nxf6+ gxf6 38. Bh6 d3 39. Kf2 Bxf3 40. Kxf3 d2 41. Bxd2 Rxd2 42. Rxa4 Kf7 43. Ra7+ Kg6 44. h3 e5 45. a4 Rd3+ 46. Kg2 Ra3 47. a5 f4 48. a6 Kf5 49. Rxh7 Rxa6 50. h4 Ra2+ 51. Kf1 Ke4 52. h5 Kf3 53. Ke1 e4 0-1

[Event "Early-Titled-Tuesday-Blitz-January-30-2024"]
[Site "Chess.com"]
[Date "2024.01.30"]
[Round "5"]
[White "topce"]
[Black "aghasiyevkamal"]
[Result "0-1"]
[WhiteElo "2383"]
[BlackElo "2595"]
[TimeControl "180+1"]
[EndTime "8:57:52 PST"]
[Termination "aghasiyevkamal won on time"]

1. e4 c5 2. Nf3 d6 3. Bb5+ Bd7 4. a4 Nf6 5. d3 e6 6. O-O a6 7. Bxd7+ Nbxd7 8. Na3 Be7 9. Bf4 O-O 10. Nc4 d5 11. exd5 exd5 12. Nce5 Nh5 13. Bd2 Bd6 14. Re1 Re8 15.
Nxd7 Qxd7 16. c4 Qf5 17. Qb3 Bf4 18. Qxb7 Bxd2 19. Nxd2 Nf4 20. Qc6 Rec8 21. Qd6 Nxd3 22. Re7 Qxf2+ 23. Kh1 Qxd2 24. Rf1 Rf8 25. Qxd5 Nf2+ 26.
Kg1 Qxd5 27. cxd5 Ng4 28. d6 Rad8 29. Rd1 Rfe8 30. Rde1 Kf8 31. h3 Nf6 32. R1e5 Rxd6 33. Rxe8+ Nxe8 34. Rxc5 Rd2 35. b4 Rb2 36. Ra5 Nc7 37.
Rc5 Ne6 38. Ra5 Rxb4 39. Rxa6 Nc5 40. Ra8+ Ke7 41. a5 Ra4 42. Kf2 Ra3 43. Ra7+ Ke6 44. Ra8 h5 45. Re8+ Kf6 46. Ra8 h4 47. Kf1 g5 48. Kf2 Kf5 49. Rc8 Rxa5 50. Rc6 Ne4+ 51. Kg1 Kf4 0-1